Unix NetHack Version 5.0.0-0 post-release - last build May  4 2026 22:22:43 (774f63e81ad911689b3a0859ea89b322d5daca8d,branch:main).

Game began 2026-05-06 00:55:44, ended 2026-05-06 02:58:10.

Gary, lawful male human Samurai

  -----------------------                           -------------------------
  |..................e....                           .......................|
  |............!..........                           ...#.......n...........|
  |.......................                           .......................|
  |..'....................                           ................e......|
  |................?......                           .......................|
   .............%.....................>........G............................
                         ..............'....B..n......
                         .........................F...
  |                      .....................?.......                      |
  |.........................../.............................................|
  |......................k                           .......................|
  |.......................                           .................k.....|
  |.....oq...!.........<..                           .......................|
  |..............Z........                           .........aa............|
  |.......*.q....[........                           .......faa.............|
  |.......q.......Z..Z....                           ........@...........(..|
  -----------------------                           -------------------------
Gary the Ronin         St:15 Dx:17 Co:18 In:10 Wi:8 Ch:7  Lawful S:1602
Dlvl:10 $:324 HP:0(54) Pw:21(21) AC:2  Xp:5/207 T:2506 

Latest messages:
 The little dog bites!
 You hit the little dog.
 You hit the little dog.
 The little dog misses!
 The little dog bites!
 You kill the little dog!
 Welcome to experience level 5.
 You have a little trouble lifting e - a little dog corpse.
 y - a potion called fruit juice? (2 in total).
 Your movements are slowed slightly because of your load.
 What do you want to throw? [$cdRT or ?*] e
 In what direction?
 The corpse misses Hachi.
 Your movements are now unencumbered.
 Hachi eats a little dog corpse.
 "Konnichi wa, Gary, welcome to Delphi!"
 You kill the homunculus!
 You see here a homunculus corpse.
 You miss the snake.
 The snake bites!
 You miss the snake.
 The snake bites!
 The snake bites!
 You hit the snake!
 The snake bites!
 You miss the snake.
 The snake misses!
 You kill the snake!
 You see here a snake corpse.
 You hear some noises in the distance.
 You miss the giant beetle.
 The giant beetle bites!
 You hit the giant beetle!
 The giant beetle bites!
 You miss the giant beetle.
 You hit the giant beetle!
 The giant beetle bites!
 You miss the giant beetle.
 The giant beetle bites!
 What do you want to read? [ijJSU or ?*] S
 As you read the scroll, it disappears.
 You materialize on a different level!
 The kobold lord picks up a plumed helmet.
 The kobold lord puts on a plumed helmet.
 The giant ant misses!
 The giant ant bites!
 The giant ant bites!
 The large cat bites!
 The giant ant bites!
 You die...

Inventory:
 Coins    ('$')
  $ - 324 gold pieces
 Weapons  (')')
  T - 43 +0 arrows
  d - 25 +0 ya (in quiver)
  c - a +0 yumi (alternate weapon; not wielded)
  R - 11 +0 darts
  a - a rusty +0 katana (weapon in right hand)
 Armor    ('[')
  P - an uncursed +0 orcish helm (being worn)
  h - a blessed +0 pair of high boots (being worn)
  W - an uncursed +1 pair of low boots
  G - an uncursed +0 dwarvish cloak (being worn)
  H - an uncursed +0 elven mithril-coat (being worn)
 Comestibles  ('%')
  z - an uncursed kiwifruit
  v - an uncursed apple
  n - an uncursed carrot
  w - an uncursed cram ration
  o - 2 uncursed fortune cookies
  C - an uncursed gunyoki
  E - an uncursed lembas wafer
  l - 2 uncursed oranges
  I - an uncursed lichen corpse
 Scrolls  ('?')
  i - an uncursed scroll of create monster
  J - a blessed scroll of fire
  U - a blessed scroll of identify
  j - an uncursed scroll of identify
 Potions  ('!')
  y - 2 uncursed potions of fruit juice
  f - 5 uncursed potions of healing
  N - a cursed potion of restore ability
  A - an uncursed potion of sake
  F - an uncursed potion of see invisible
  K - an uncursed potion of speed
 Rings    ('=')
  q - an uncursed ring of see invisible
  g - an uncursed ring of shock resistance
 Wands    ('/')
  b - a wand of cancellation (0:3)
  r - a wand of probing (0:6)
  M - a wand of striking (0:3)
 Tools    ('(')
  V - an uncursed tooled horn
  k - an uncursed osaku
  m - a cursed tallow candle
  O - an uncursed tin opener

Gary the Samurai's attributes:

Background:
 You were a Ronin, a level 5 male human Samurai.
 You were lawful, nominally on a mission for Amaterasu Omikami
 who was opposed by Raijin (neutral) and Susanowo (chaotic).
 You were right-handed.
 You were in the Dungeons of Doom, on level 10, a very big room.
 You entered the dungeon 2506 turns ago.
 It was nighttime.
 You had 207 experience points, 113 more were needed to attain level 6.
 Your score was 1602 before end-of-game adjustments.

Basics:
 You had 0 out of 54 hit points.
 You had all 21 energy points (spell power).
 Your armor class was 2.
 Your wallet contained 324 zorkmids.
 Autopickup was on for '$' plus thrown.

Final Characteristics:
 Your strength was 15 (limit:18/100).
 Your dexterity was 17 (limit:18).
 Your constitution was 18 (limit:18).
 Your intelligence was 10 (limit:18).
 Your wisdom was 8 (limit:18).
 Your charisma was 7 (limit:18).

Final Status:
 You weren't hungry.
 You were unencumbered.
 You were wielding a long sword.
 You had basic skill with long sword.

Final Attributes:
 You were piously aligned.
 Your items were somewhat protected from fire.
 Your items were somewhat protected from cold.
 You were telepathic.
 You were guarded.
 You were fast.
 You are dead.

Miscellaneous:
 You didn't encounter any bones levels.
 Total elapsed playing time was 46 minutes and 46 seconds.

Major events:
 Turn
    1: Gary the lawful male human Samurai entered the dungeon
 1068: attained the rank of Ronin (level 3)
 1083: entered the Gnomish Mines
 2500: entered the Bigroom
 2506: killed by a giant ant

You didn't know any spells.

Skills:
 Fighting Skills
   martial arts      [Basic]
   two weapon combat [Unskilled]
   riding            [Unskilled]
 Weapon Skills
   dagger            [Unskilled]
   knife             [Unskilled]
   short sword       [Basic]
   broadsword        [Unskilled]
   long sword        [Basic]
   two-handed sword  [Unskilled]
   saber             [Unskilled]
   flail             [Unskilled]
   quarterstaff      [Unskilled]
   polearms          [Unskilled]
   spear             [Unskilled]
   lance             [Unskilled]
   bow               [Basic]
   shuriken          [Unskilled]
 Spellcasting Skills
   attack spells     [Unskilled]
   divination spells [Unskilled]
   clerical spells   [Unskilled]

Voluntary challenges:
 Character rerolling was not enabled.
 You were an atheist.
 You never genocided any monsters.
 You never polymorphed an object.
 You never changed form.
 You used no wishes.
Achievements:
 You entered a shop.
 You attained the rank of Ronin.
 You entered the Gnomish Mines.
 You entered the Big Room.

 The Dungeons of Doom: levels 1 to 10
    Level 1:
    Level 2:
       A food shop.
    Level 3:
       An armor shop.
       Stairs down to The Gnomish Mines.
    Level 4:
       A fountain.
    Level 5:
    Level 6:
    Level 7:
       An armor shop, a fountain.
    Level 8:
       Many fountains.
       Oracle of Delphi.
    Level 10: <- You were here.
       A very big room.
       Final resting place for
          you, killed by a giant ant.
 The Gnomish Mines:
    Level 4:


Vanquished creatures:
  a snake
  a wood nymph
  a violet fungus
  a gnome leader
  a little dog
  2 floating eyes
  2 homunculi
  a rothe
  a giant bat
 an iguana
  a gas spore
  2 hobbits
  2 large kobolds
  a giant rat
  a brown mold
  2 garter snakes
  2 jackals
  2 foxes
  3 kobolds
  3 goblins
  a sewer rat
  2 grid bugs
  2 lichens
  a kobold zombie
  4 newts
41 creatures vanquished.

No species were genocided or became extinct.

Game over:
                       ----------
                      /          \
                     /    REST    \
                    /      IN      \
                   /     PEACE      \
                  /                  \
                  |       Gary       |
                  |      324 Au      |
                  |   killed by a    |
                  |    giant ant     |
                  |                  |
                  |                  |
                  |       2026       |
                 *|     *  *  *      | *
        _________)/\\_//(\/(/\)/\//\/|_)_______

Sayonara Gary the Samurai...

You died in The Dungeons of Doom on dungeon level 10 with 1570 points,
and 324 pieces of gold, after 2506 moves.
You were level 5 with a maximum of 54 hit points when you died.

